 Dungeon Crawl Stone Soup version 0.28.0-62-gf88900778d (webtiles) character file.

Game seed: 7826597049297366178

1292 jjjjhere the Magician (level 8, -8/58 HPs)
             Began as a Djinni Hedge Wizard on Mar 13, 2023.
             Was an Initiate of Ru.
             Killed from afar by a white imp (12 damage)
             ... with a puff of frost
             ... on level 5 of the Dungeon.
             The game lasted 00:13:26 (7182 turns).

jjjjhere the Magician (Djinni Hedge Wizard)         Turns: 7182, Time: 00:13:27

Health: -8/58      AC:  7    Str:  9    XL:     8   Next: 86%
Gold:   296        EV: 13    Int: 18    God:    Ru [......] SH:  0 Dex: 13

rFire   + + .      SeeInvis .   q - +0 dagger (venom)
rCold   x . .      Faith    .   (no shield)
rNeg    + . .      Spirit   .   b - +0 robe
rPois   ∞          Reflect  .   c - +0 hat
rElec   .          Harm     .   (no cloak)
rCorr   .          Rampage  .   v - +0 pair of gloves
Will    .....                   (boots unavailable)
Stlth   ++........              (no amulet)
HPRegen 0.19/turn               f - +4 ring of protection
MPRegen 0.00/turn               m - ring of positive energy

@: flying
A: sickness immunity, fire resistance 2, cold vulnerability 1, float, innate
caster, HP casting, extra vitality 1
a: Renounce Religion


You were on level 5 of the Dungeon.
You worshipped Ru.
Ru was noncommittal.
You visited 2 branches of the dungeon, and saw 7 of its levels.

You collected 296 gold pieces.

Inventory:

Hand Weapons
 q - a +0 dagger of venom (weapon)
Missiles
 w - 2 boomerangs
Armour
 b - a +0 robe (worn)
 c - a +0 hat (worn)
 v - a +0 pair of gloves (worn)
Jewellery
 f - a +4 ring of protection (left hand)
 m - a ring of positive energy (right hand)
Wands
 x - a wand of flame (28)
Scrolls
 a - a scroll of enchant armour {unknown}
 e - a scroll of vulnerability {unknown}
 h - a scroll of fear {unknown}
 k - a scroll of acquirement {unknown}
 n - 2 scrolls of fog {unknown}
 p - 3 scrolls of teleportation {unknown}
 s - a scroll of summoning {unknown}
 t - a scroll of identify {unknown}
Potions
 d - 2 potions of heal wounds {unknown}
 g - 3 potions of magic {unknown}
 i - a potion of curing
 j - 2 potions of ambrosia {unknown}
 l - a potion of mutation {unknown}
 o - a potion of attraction {unknown}
 r - 2 potions of brilliance {unknown}
 u - a potion of cancellation {unknown}


   Skills:
 + Level 4.5 Fighting
 + Level 4.3 Short Blades
 - Level 3.2 Dodging
 - Level 1.8 Stealth
 + Level 5.8 Spellcasting


You couldn't memorise any spells.
You knew the following spells:

 Your Spells              Type           Power      Damage    Failure   Level
a - Magic Dart            Conj           100%       1d8       1%          1
b - Blink                 Tloc           52%        N/A       1%          2
c - Call Imp              Summ           26%        N/A       1%          2
d - Slow                  Hex            100%       N/A       1%          1
e - Conjure Flame         Conj/Fire      26%        6-21      3%          3
f - Mephitic Cloud        Conj/Pois/Air  26%        N/A       3%          3
g - Sting                 Tmut/Pois      100%       1d8       1%          1
h - Wereblood             Tmut           26%        N/A       1%          2
i - Confusing Touch       Hex            26%        N/A       3%          3
Your spell library was empty.

Dungeon Overview and Level Annotations

Branches:
Dungeon (6/15)             Temple (1/1) D:4

Altars:
Ashenzari
Cheibriados
Dithmenos
Elyvilon
Fedhas
Gozag
Hepliaklqana
Makhleb
Nemelex Xobeh
Okawaru
Qazlal
Ru
Sif Muna
Trog
Uskayaw
Vehumet
Wu Jian
Xom
Yredelemnul
Zin
The Shining One

Annotations:
D:3 1 runed translucent door, BigDaddyOpFi's ghost, weakling OgFi


Innate Abilities, Weirdness & Mutations

You are immune to sickness and miasma.
You are immune to poison.
Your flesh is very heat resistant. (rF++)
You are vulnerable to cold. (rC-)
You float through the air rather than walking.
You learn spells naturally, not from books.
Your magical power is your life essence.
You have superior vitality. (+4 MHP)


Message History

There is a stone staircase leading down here.
Unknown command.
You start resting.
A white imp is nearby!
A white imp is nearby!
You are too injured to fight recklessly!
You are too injured to fight recklessly!
The white imp shouts, "Go and return not, thou canting bat-fowling pot-faker!"
The white imp gestures at you. The puff of frost hits you.
You feel a terrible chill! The white imp gestures at you.
The puff of frost hits you!!
You feel a terrible chill!
You hit the white imp but do no damage.
The white imp is poisoned.
The white imp hits you but does no damage.
You hit the white imp but do no damage.
The white imp is lightly wounded.
You hit the white imp but do no damage.
The white imp is lightly wounded.
The white imp barely misses you.
You hit the white imp.
The white imp is heavily wounded.
The white imp gestures at you. The puff of frost hits you!
You feel a terrible chill!
* * * LOW HITPOINT WARNING * * *
You hit the white imp but do no damage.
The white imp looks as sick as possible!
The white imp is heavily wounded.
The white imp gestures at you. The puff of frost hits you.
You feel a terrible chill!
* * * LOW HITPOINT WARNING * * *
You don't have enough health to cast this spell.
Unknown command.
You hit the white imp but do no damage.
The white imp looks as sick as possible!
The white imp is heavily wounded.
You closely miss the white imp.
The white imp is severely wounded.
The white imp gestures at you. The puff of frost hits you!
You feel a terrible chill!
You die...

#.####....#.# #.#
#......#..#.# #.#
########..#.# #.#
#......#..#.# #.#
#.####.#..#.# #(# #.#
#.#..#.####.# #.#
#.#<........#
#.####.#.#############
#>...@5...............
#.####################
#.#................(..
#.#.##################
#.#.#.................
#.#.#[################
#.....................
###.#.#.#........#######
#....<..#........#


You could see a white imp (extremely poisoned).

Vanquished Creatures
  Prince Ribbit (D:5)
  4 ogres
  A scorpion (D:4)
  A water moccasin zombie (D:6)
  2 wights (D:6)
  2 centaur zombies
  2 bullfrog skeletons
  Jessica (D:3)
  2 iguanas
  An orc wizard (D:5)
  8 adders
  13 gnolls
  A howler monkey skeleton (D:5)
  3 ufetubi
  2 worms (D:3)
  A dart slug (D:3)
  14 orcs
  6 ball pythons
  3 bats
  5 endoplasms
  7 giant cockroaches
  6 goblins
  6 hobgoblins
  6 jackals
  3 kobolds
  4 quokkas
  6 frilled lizards
  8 rats
  A spectral kobold (D:1)
120 creatures vanquished.

Vanquished Creatures (collateral kills)
  A howler monkey zombie (D:4)
1 creature vanquished.

Grand Total: 121 creatures vanquished

Notes
Turn   | Place    | Note
-------+----------+-------------------------------------------
     0 | D:1      | jjjjhere the Djinni Hedge Wizard began the quest for the
                  | Orb.
     0 | D:1      | Reached XP level 1. HP: 15/15 MP: 0/0
   323 | D:1      | Found a faded altar of an unknown god.
   472 | D:1      | Reached XP level 2. HP: 17/22 MP: 0/0
   900 | D:1      | Reached skill level 3 in Spellcasting
  1042 | D:1      | Reached XP level 3. HP: 24/26 MP: 0/0
  1042 | D:1      | Learned a level 1 spell: Sting
  1485 | D:2      | Reached XP level 4. HP: 23/31 MP: 0/0
  2005 | D:1      | HP: 10/31 [adder (2)]
  2007 | D:1      | Reached skill level 4 in Spellcasting
  2227 | D:2      | Reached XP level 5. HP: 28/36 MP: 0/0
  2227 | D:2      | Learned a level 2 spell: Wereblood
  3190 | D:3      | Reached XP level 6. HP: 40/41 MP: 0/0
  3418 | D:3      | Noticed Jessica
  3437 | D:3      | Reached skill level 1 in Fighting
  3441 | D:3      | Killed Jessica
  3443 | D:3      | Noticed BigDaddyOpFi's ghost (weakling OgFi)
  3800 | D:3      | Found a runed translucent door.
  3892 | D:3      | Reached skill level 1 in Short Blades
  4149 | D:4      | Reached XP level 7. HP: 41/49 MP: 0/0
  4149 | D:4      | Learned a level 3 spell: Confusing Touch
  4578 | D:4      | Found a staircase to the Ecumenical Temple.
  4615 | Temple   | Entered the Ecumenical Temple
  4886 | Temple   | Became a worshipper of Ru the Awakened
  5099 | D:5      | Entered Level 5 of the Dungeon
  5180 | D:5      | Noticed Prince Ribbit
  5202 | D:5      | Killed Prince Ribbit
  5203 | D:5      | Reached skill level 5 in Spellcasting
  5533 | D:5      | Reached XP level 8. HP: 56/56 MP: 0/0
  7179 | D:5      | HP: 7/58 [white imp/puff of frost (15)]
  7180 | D:5      | HP: 3/58 [white imp/puff of frost (4)]
  7182 | D:5      | Killed from afar by a white imp

Illustrated notes

Levels and vault maps discovered:
D:1:      dpeg_arrival_three_same_balls, layout_basic,
          dreamdust_ecumenical_altar_drowned_temple
D:2:      layout_rooms, nicolae_elevator_lobby_asterisk
D:3:      layout_basic, hellmonk_ghost_happy_afterlife, uniq_jessica
D:4:      layout_cave_pools, minmay_temple_entry_large_hall,
          minmay_misc_feat_tiny
D:5:      layout_basic, roderic_lattice_a, uniq_prince_ribbit1
D:6:      minmay_octagon_keep, layout_cave_pods, uniq_grinder
Temple:   mainiacjoe_temple_starburst

Skill      XL: |  1  2  3  4  5  6  7  8 |
---------------+-------------------------+-----
Spellcasting   | 3 4 5 |  5.8
Fighting       | 2 3 4 |  4.5
Short Blades   | 1 3 4 |  4.3
Dodging        | 3 |  3.2
Stealth        | |  1.8

Action                   |  1- 3 |  4- 6 |  7- 9 || total
-------------------------+-------+-------+-------++-------
Melee: Dagger            |    22 |   148 |   252 ||   422
       Punch             |       |     3 |     3 ||     6
 Cast: Magic Dart        |    45 |    10 |     1 ||    56
       Sting             |     8 |    73 |     3 ||    84
       Mephitic Cloud    |       |     5 |     1 ||     6
       Call Imp          |       |     1 |       ||     1
       Confusing Touch   |       |       |    16 ||    16
 Stab: Confused          |       |     3 |    11 ||    14
       Sleeping          |       |       |     2 ||     2
Armor: Robe              |    18 |    54 |    71 ||   143
Dodge: Dodged            |    23 |   147 |   170 ||   340
